 Dungeon Crawl Stone Soup version 0.31-a0-1338-gb567cfdca4 (webtiles) character file.

Game seed: 4612675249501464459

3138 grandjackal the Covert (level 9, -1/57 HPs)
             Began as a Vampire Earth Elementalist on Dec 22, 2023.
             Was a Priest of Vehumet.
             Slain by a komodo dragon (15 damage)
             ... on level 8 of the Dungeon on Dec 23, 2023.
             The game lasted 00:13:55 (7505 turns).

grandjackal the Covert (Vampire Earth Elementalist) Turns: 7505, Time: 00:13:56

Health: -1/57      AC: 12    Str:  7    XL:     9   Next: 61%
Magic:  1/13       EV: 12    Int: 22    God:    Vehumet [***...]
Gold:   559        SH:  0    Dex: 14    Spells: 7/14 levels left

rFire   . . .        r - +7 Throatcutter {drain, coup de grace}
rCold   . . .        (no shield)
rNeg    . . .        a - +0 robe
rPois   .            u - +0 helmet
rElec   .            n - +2 cloak {Stlth+}
rCorr   .            z - +0 pair of gloves
SInv    +            H - +0 pair of boots
Will    .....        (no amulet)
Stlth   +++++        t - +4 ring of protection
HPRegen 0.49/turn    (no ring)
MPRegen 0.13/turn

%: no passive effects
@: healing quickly
A: alive, fangs 3, see invisible, vampiric 2
a: Exsanguinate, Renounce Religion


You were on level 8 of the Dungeon.
You worshipped Vehumet.
Vehumet was most pleased with you.
You visited 1 branch of the dungeon, and saw 8 of its levels.
You also visited: Sewer and Ossuary.

You collected 559 gold pieces.

Inventory:

Hand Weapons
 d - a +0 short sword
 e - a +0 dagger
 r - the +7 Throatcutter (weapon) {drain, coup de grace}
   (You took it off Terence on level 3 of the Dungeon)
Armour
 a - a +0 robe (worn)
 c - the +0 pair of boots "Rozous" {rF- rN++ Dex+4}
   (You found it on level 2 of the Dungeon)

   Dex+4:     It affects your dexterity (+4).
   rF-:       It makes you vulnerable to fire.
   rN++:      It greatly protects you from negative energy.
 n - a +2 cloak of stealth (worn)
 p - the +7 Kryia's mail coat {PotionHeal*2 rC+}
   (You took it off a hobgoblin on level 3 of the Dungeon)

   PotionHeal*2: Potions heal its wearer twice as much.
   rC+:       It protects you from cold.
 u - a +0 helmet (worn)
 z - a +0 pair of gloves (worn)
 H - a +0 pair of boots (worn)
Jewellery
 k - a ring of ice
 t - a +4 ring of protection (left hand)
Wands
 q - a wand of flame (10)
 v - a wand of paralysis (12)
 y - a wand of polymorph (6)
 D - a wand of iceblast (10)
Scrolls
 g - a scroll of blinking
 l - 2 scrolls of fear
 m - 2 scrolls of immolation {unknown}
 o - 5 scrolls of teleportation
 x - a scroll of silence
 A - a scroll of torment
 B - 2 scrolls of fog {unknown}
 E - 5 scrolls of enchant armour
 J - a scroll of poison {unknown}
Potions
 b - a potion of magic
 f - 2 potions of might
 h - 3 potions of cancellation
 i - a potion of berserk rage
 j - 2 potions of mutation
 s - 5 potions of haste
 w - a potion of curing
 C - 3 potions of resistance
 F - 2 potions of brilliance
 G - a potion of enlightenment {unknown}
 I - a potion of lignification {unknown}
 K - a potion of invisibility {unknown}


   Skills:
 + Level 7.2 Short Blades
 - Level 2.1 Dodging
 - Level 10.1 Stealth
 + Level 3.2 Spellcasting
 + Level 7.4 Earth Magic
 + Level 7.4 Alchemy


You had 7 spell levels left.
You knew the following spells:

 Your Spells              Type           Power      Damage    Failure   Level
a - Sandblast             Erth           72%        2d16      1%          1
b - Passwall              Alch/Erth      30%        N/A       1%          2
c - Petrify               Alch/Erth      36%        N/A       6%          4

Your spell library contained the following spells:

 Spells                   Type           Power      Damage    Failure   Level
 Airstrike                Air            1%         2d(1-17)  30%         4
 Stone Arrow              Conj/Erth      38%        3d9       2%          3
 Brom's Barrelling Bould  Conj/Erth      19%        2d4       7%          4
 Fulminant Prism          Conj/Alch      9%         3d7       7%          4
 Volatile Blastmotes      Fire/Tloc      6%         2d10      11%         3
 Slow                     Hex            12%        N/A       12%         1
 Summon Small Mammal      Summ           12%        N/A       12%         1
 Iskenderun's Mystic Bla  Conj/Tloc      3%         2d3       30%         4
 Call Canine Familiar     Summ           3%         N/A       36%         3
 Confusing Touch          Hex            3%         N/A       36%         3
 Ozocubu's Armour         Ice            3%         N/A       36%         3
 Sigil of Binding         Hex            3%         N/A       36%         3
 Summon Guardian Golem    Hex/Summ       3%         N/A       36%         3
 Vampiric Draining        Necr           3%         2d6       36%         3
 Arcjolt                  Conj/Air       1%         1d11      61%         5
 Animate Dead             Necr           3%         N/A       77%         4
 Vhi's Electric Charge    Tloc/Air       6%         N/A       77%         4
 Metabolic Englaciation   Hex/Ice        1%         N/A       98%         5
 Simulacrum               Ice/Necr       1%         N/A       100%        6
 Haunt                    Necr/Summ      1%         N/A       100%        7
 Infestation              Necr           1%         N/A       100%        8
 Maxwell's Capacitive Co  Air            1%         ∞         100%        8


Dungeon Overview and Level Annotations

Branches:
Dungeon (8/15)             Temple (0/1) D:5            Lair (0/5) D:8
  Sewer (visited)         Ossuary (visited)

Altars:
Gozag
Ru
Trog
Vehumet
Xom
Yredelemnul

Shops:
D:5 :

Annotations:
D:3 exclusion: door


Innate Abilities, Weirdness & Mutations

Your natural rate of healing is accelerated.
You have razor-sharp teeth.
You have supernaturally acute eyesight. (SInv)
You are afflicted with vampirism and can become a bat while bloodless.


Message History

You resist with some effort.
The iguana bites the plant.
You barely miss the vampire.
The vampire is severely damaged.
The vampire draws life force from you!
The vampire is healed by the life force!
The iguana bites the plant.
The komodo dragon bites the plant!
The plant begins to die.
You hit the vampire.
You behead the vampire!
You destroy the vampire!
Vehumet accepts your kill.
A nearby plant withers and dies.
Unknown command.
A nearby plant withers and dies.
The komodo dragon hisses menacingly.
The komodo dragon bites you!
Casting: Sandblast (safe; 1% risk of failure)
Confirm with . or Enter, or press ? or * to list all spells.
Aiming: Petrify (dangerous; 6% risk of failure)
Press: ? - help, Shift-Dir - straight line, f - komodo dragon
Aim: a komodo dragon (chance to affect: 47%)
The komodo dragon resists with some effort.
The komodo dragon bites you but does no damage.
Unknown command.
Casting: Petrify (dangerous; 6% risk of failure)
Confirm with . or Enter, or press ? or * to list all spells.
Aiming: Petrify (dangerous; 6% risk of failure)
Press: ? - help, Shift-Dir - straight line, f/p - komodo dragon
Aim: a komodo dragon (chance to affect: 47%)
The komodo dragon resists with some effort.
The komodo dragon bites you!!
* * * LOW HITPOINT WARNING * * *
Unknown command.
Casting: Petrify (dangerous; 6% risk of failure)
Confirm with . or Enter, or press ? or * to list all spells.
Aiming: Petrify (dangerous; 6% risk of failure)
Press: ? - help, Shift-Dir - straight line, f/p - komodo dragon
Aim: a komodo dragon (chance to affect: 47%)
The komodo dragon resists with some effort.
The komodo dragon bites you!
You die...

##...###.## ####.
##P...%##.. +....
#PP.....#.# ####.
#PPPP...#.# ## #PPPPP....#
# #PPPPP....# #PP.PP....#
#+# #PP...P..l#######.#
#P.>..PP.#@.......#
#P...P..##.######.## #####
#PPPPP..##.# ##...###...##
##PPPPP###.####.....#.....#
#########.##.....)........
#...!......###.##.......
#######.#### #.##.......
#.######.###.....#
#........# ##(..##


You could see a komodo dragon.

Vanquished Creatures
  Grinder (D:4)
  Sigmund (D:2)
  A vampire (D:8)
  Menkaure (D:6)
  Edmund (D:4)
  Duvessa (D:4)
  An orc warrior (D:8)
  A black bear (D:4)
  An ogre (D:5)
  A centaur (D:7)
  A phantom (D:7)
  An elf zombie (Ossuary)
  2 kobold brigands (D:8)
  A bullfrog (D:5)
  A scorpion (D:4)
  4 wights (D:6)
  Dowan (D:4)
  A howler monkey (D:6)
  A crimson imp (D:4)
  6 hounds
  A human zombie (Ossuary)
  A jelly (D:4)
  2 gnoll boudas (D:7)
  2 orc priests
  Terence (D:3)
  A sleepcap (D:6)
  Crazy Yiuf (D:2)
  Jessica (D:2)
  Ijyb (D:4)
  A hell rat (Sewer)
  Natasha (thrice) (D:4)
  2 iguanas (D:7)
  5 orc wizards
  A hound zombie (Ossuary)
  5 mummies
  Robin (D:3)
  12 gnolls
  7 adders
  A river rat (Sewer)
  A bombardier beetle (D:6)
  A shadow imp (D:8)
  2 white imps
  A worm (D:4)
  A dart slug (D:1)
  21 orcs
  9 endoplasms
  6 giant cockroaches
  14 goblins
  10 hobgoblins
  5 quokkas
  13 ball pythons
  7 bats
  2 frilled lizards (D:1)
  2 gnoll zombies (Ossuary)
  A goblin zombie (Ossuary)
  A hobgoblin zombie (Ossuary)
  26 kobolds
  A kobold zombie (Ossuary)
  An orc zombie (Ossuary)
  13 rats
  3 rat zombies (Ossuary)
  A spectral hobgoblin (D:1)
220 creatures vanquished.

Notes
Turn   | Place    | Note
-------+----------+-------------------------------------------
     0 | D:1      | grandjackal the Vampire Earth Elementalist began the quest
                  | for the Orb.
     0 | D:1      | Reached XP level 1. HP: 13/13 MP: 3/3
   150 | D:1      | Found a faded altar of an unknown god.
   283 | D:1      | Reached XP level 2. HP: 7/19 MP: 3/5
   355 | D:1      | Learned a level 2 spell: Passwall
   641 | D:1      | Gained mutation: You are afflicted with vampirism and can
                  | become a bat while bloodless. [Vampire growth]
   641 | D:1      | Reached XP level 3. HP: 24/24 MP: 4/6
   675 | D:1      | Reached skill level 1 in Short Blades
   822 | D:1      | Reached skill level 4 in Stealth
  1091 | D:2      | Noticed Sigmund
  1169 | D:2      | Identified the +0 pair of boots "Rozous" {rF- rN++ Dex+4}
  1237 | D:2      | Noticed Jessica
  1364 | D:2      | Killed Jessica
  1365 | D:2      | Reached XP level 4. HP: 25/30 MP: 0/7
  1443 | D:2      | Learned a level 4 spell: Petrify
  1749 | D:2      | Killed Sigmund
  1750 | D:2      | Reached skill level 5 in Stealth
  1750 | D:2      | Reached XP level 5. HP: 32/35 MP: 6/8
  1750 | D:2      | Reached XP level 6. HP: 38/41 MP: 6/9
  1837 | D:2      | Found a runed translucent door.
  1838 | D:2      | Noticed Crazy Yiuf
  1845 | D:2      | Killed Crazy Yiuf
  2175 | D:3      | Noticed Robin
  2363 | D:3      | Found a basalt altar of Yredelemnul.
  2363 | D:3      | Found a sacrificial altar of Ru.
  2366 | D:3      | Found a radiant altar of Vehumet.
  2371 | D:3      | Noticed Terence
  2385 | D:3      | Killed Terence
  2386 | D:3      | Reached skill level 6 in Stealth
  2393 | D:3      | Found a shimmering altar of Xom.
  2398 | D:3      | Became a worshipper of Vehumet
  2465 | D:3      | Found an opulent altar of Gozag.
  2941 | D:3      | Killed Robin
  3025 | D:4      | Noticed Ijyb
  3036 | D:4      | Killed Ijyb
  3211 | D:4      | Reached XP level 7. HP: 46/46 MP: 10/10
  3342 | D:4      | Reached * piety under Vehumet
  3342 | D:4      | Offered knowledge of Magic Dart by Vehumet.
  3346 | D:4      | Noticed Grinder
  3347 | D:4      | Paralysed by Grinder for 4 turns
  3356 | D:4      | Killed Grinder
  3357 | D:4      | Reached skill level 7 in Stealth
  3357 | D:4      | Reached skill level 5 in Earth Magic
  3429 | D:4      | Noticed Edmund
  3446 | D:4      | Killed Edmund
  3557 | D:4      | Noticed Duvessa
  3565 | D:4      | Noticed Dowan
  3588 | D:4      | Killed Duvessa
  3589 | D:4      | Reached skill level 5 in Alchemy
  3596 | D:4      | Killed Dowan
  3597 | D:4      | Reached skill level 8 in Stealth
  3597 | D:4      | Reached XP level 8. HP: 31/52 MP: 3/11
  3698 | D:4      | Noticed Natasha
  3706 | D:4      | Reached skill level 5 in Short Blades
  3759 | D:4      | Killed Natasha
  4031 | D:4      | Noticed Natasha
  4039 | D:4      | Killed Natasha
  4176 | D:4      | Noticed Natasha
  4181 | D:4      | Killed Natasha
  4261 | D:5      | Entered Level 5 of the Dungeon
  4287 | D:5      | Found a glowing drain.
  4307 | Sewer    | Entered a sewer
  4407 | D:5      | Found a sand-covered staircase.
  4416 | Ossuary  | Entered an ossuary
  4520 | Ossuary  | Reached ** piety under Vehumet
  4520 | Ossuary  | Offered knowledge of Mercury Vapours by Vehumet.
  4682 | D:5      | Found a staircase to the Ecumenical Temple.
  4691 | D:5      | Reached skill level 9 in Stealth
  4893 | D:5      | Found Heduss's Self-Published Books.
  5111 | D:5      | Found a bloodstained altar of Trog.
  5625 | D:6      | Noticed Menkaure
  5629 | D:6      | Killed Menkaure
  5985 | D:6      | Reached XP level 9. HP: 57/57 MP: 1/12
  6170 | D:6      | Offered knowledge of Hailstorm by Vehumet.
  6312 | D:6      | Reached skill level 10 in Stealth
  6430 | D:7      | Reached *** piety under Vehumet
  7262 | D:8      | Offered knowledge of Airstrike by Vehumet.
  7491 | D:8      | Found a staircase to the Lair.
  7491 | D:8      | Noticed a komodo dragon
  7505 | D:8      | Slain by a komodo dragon

Illustrated notes

Levels and vault maps discovered:
D:1:      dpeg_arrival_morbid_curiosity, layout_loops_ring,
          dreamdust_ecumenical_altar_drowned_temple, minmay_liquid_box,
          minmay_hexomino_c4
D:2:      minmay_spotlight, layout_basic, minmay_tiny_reverse_x, uniq_jessica,
          uniq_crazy_yiuf_cottage, uniq_sigmund
D:3:      cheibrodos_fertilizer, layout_loops_corners,
          nicolae_overflow_quartered_altars, mainiacjoe_overflow_24_doors,
          st_stairs_9, uniq_terence, uniq_robin
D:4:      layout_basic, minmay_fire_ice_demons, uniq_edmund, uniq_natasha,
          uniq_grinder, uniq_ijyb, uniq_duvessa
D:5:      layout_basic, trog_book, minmay_temple_entry_steel_oval,
          cheibrodos_sewer_entry_sluice, gup_ossuary_entry_pyramid,
          nicolae_custom_books
D:6:      layout_basic, uniq_menkaure
D:7:      layout_basic, kennysheep_nub
D:8:      layout_loops_corners, david_lair_shrubbed, serial_shops,
          nicolae_lakefront_shop

Skill      XL: |  1  2  3  4  5  6  7  8  9 |
---------------+----------------------------+-----
Short Blades   | 1 2 3 4 6 7 |  7.2
Alchemy        | 2 3 4 5 6 7 |  7.4
Stealth        | 4 5 6 8 9 10 | 10.1
Earth Magic    | 4 5 6 7 |  7.4
Spellcasting   | 3 |  3.2
Dodging        | |  2.1

Action                     |  1- 3 |  4- 6 |  7- 9 || total
---------------------------+-------+-------+-------++-------
  Melee: Short sword       |   100 |    57 |       ||   157
         Bite              |    10 |     9 |    20 ||    39
         Long sword        |       |    37 |   225 ||   262
         Punch             |       |       |     2 ||     2
   Cast: Sandblast         |    29 |    11 |    43 ||    83
         Petrify           |       |     1 |    10 ||    11
         Passwall          |       |     1 |     3 ||     4
  Evoke: Wand              |       |       |     2 ||     2
    Use: Scroll            |     3 |     5 |     8 ||    16
   Stab: Sleeping          |     9 |    18 |    19 ||    46
         Petrified         |       |     3 |     6 ||     9
         Paralysed         |       |       |     2 ||     2
         Distracted        |       |       |     1 ||     1
         Petrifying        |       |       |     1 ||     1
 Armour: Robe              |    49 |    64 |   172 ||   285
  Dodge: Dodged            |    74 |    48 |   125 ||   247

Table legend: (Time is in decaauts)
 A = Elapsed time spent in this place.
 B = Non-inter-level travel time spent in this place.
 C = Inter-level travel time spent in this place.
 D = Time resting spent in this place.
 E = Time spent auto-exploring this place.
 F = Levels seen in this place.
 G = Mean time per level.
                   A        B        C        D        E       F      G
               +--------+--------+--------+--------+--------+-----+--------+
         Total |   7613 |   7215 |    398 |    800 |   4652 |  10 |  761.3 |
       Dungeon |   7315 |   6917 |    398 |    800 |   4562 |   8 |  914.4 |
         Sewer |     82 |     82 |      0 |      0 |      2 |   1 |   82.0 |
       Ossuary |    215 |    215 |      0 |      0 |     87 |   1 |  215.0 |
               +--------+--------+--------+--------+--------+-----+--------+

Top non-repeatable levels by time:
     D:4: 1295 daAuts
     D:6: 1111 daAuts
     D:3: 1102 daAuts
     D:1: 1094 daAuts
     D:7: 848 daAuts
     D:2: 806 daAuts
     D:5: 792 daAuts
     D:8: 264 daAuts
 Ossuary: 215 daAuts
   Sewer: 82 daAuts
